 Dungeon Crawl Stone Soup version 0.32-a0-961-gd60f5e5fc7 (webtiles) character file.

Game seed: 2305473650538532422

2 KennySheep the Charlatan (level 1, 0/10 HPs)
             Began as a Deep Elf Wanderer on Apr 17, 2024.
             Slain by a hobgoblin (4 damage)
             ... on level 1 of the Dungeon.
             The game lasted 00:00:35 (159 turns).

KennySheep the Charlatan (Deep Elf Wanderer)         Turns: 159, Time: 00:00:35

Health: 0/10       AC:  2    Str: 13    XL:     1   Next: 25%
Magic:  5/5        EV: 11    Int: 14    God:
Gold:   3          SH:  0    Dex: 12    Spells: 3/3 levels left

rFire   . . .        a - +0 sling
rCold   . . .        (no shield)
rNeg    . . .        e - +0 robe
rPois   .            (no helmet)
rElec   .            (no cloak)
rCorr   .            (no gloves)
SInv    .            (no boots)
Will    .....        (no amulet)
Stlth   ++           (no ring)
HPRegen 0.21/turn    (no ring)
MPRegen 0.09/turn

%: no passive effects
@: no status effects
A: no striking features
a: no special abilities


You were on level 1 of the Dungeon.
You visited 1 branch of the dungeon, and saw 1 of its levels.

You collected 3 gold pieces.

Inventory:

Hand Weapons
 a - a +0 sling (weapon)
Armour
 e - a +0 robe (worn)
Wands
 b - a wand of polymorph (18) (quivered)
Scrolls
 c - 2 scrolls of fog
 f - a scroll of teleportation {unknown}
Potions
 d - a potion of might


   Skills:
 + Level 0.0 Fighting
 * Level 2.8 Ranged Weapons
 + Level 1.3 Dodging
 + Level 1.3 Stealth
 - Level 1.5 Spellcasting
 - Level 5.4 Evocations


You had 3 spell levels left.
You didn't know any spells.
Your spell library was empty.

Dungeon Overview and Level Annotations

Branches:
Dungeon (1/15)

Altars:


Message History

Key pressed, stopping explore.
Key pressed, stopping explore.
Key pressed, stopping explore.
f - a scroll labelled PEIG SECEUHYTE Key pressed, stopping explore.
Key pressed, stopping explore.
Key pressed, stopping explore.
A ball python comes into view.
A ball python is nearby!
A ball python is nearby!
You shoot a sling bullet. The sling bullet hits the ball python.
The ball python hisses angrily.
The ball python is moderately wounded.
No target in view!
A ball python is nearby!
You shoot a sling bullet.
The sling bullet hits the ball python but does no damage.
The ball python is moderately wounded.
A hobgoblin comes into view.
You shoot a sling bullet.
The sling bullet completely misses the ball python.
You shoot a sling bullet.
The sling bullet barely misses the ball python.
The ball python barely misses you. x2
You shoot a sling bullet.
The sling bullet hits the ball python but does no damage.
The ball python barely misses you. The ball python closely misses you.
You shoot a sling bullet. The sling bullet hits the ball python.
You kill the ball python!
The hobgoblin hits you.
You shoot a sling bullet.
The sling bullet hits the hobgoblin but does no damage.
The hobgoblin hits you.
You shoot a sling bullet.
The sling bullet closely misses the hobgoblin.
The hobgoblin hits you.
You shoot a sling bullet. The sling bullet hits the hobgoblin.
The hobgoblin is heavily wounded.
The hobgoblin hits you.
You die...

##.####.#.#####..........
.............##..........
##........##.##.......... .
#..#####.##.############ #.#
#..# #.##.######## .. ##.#
#...........# #.###.#
#.#......##.#####
..##.....#####.....##.........
......†.....g@.###.#####.#####
......###.###### #.#####.#
.?##. #.# #.......# .. #.#
######### .. #.# #. #.. # ###


You could see a hobgoblin.

Vanquished Creatures
  An endoplasm (D:1)
  A ball python (D:1)
2 creatures vanquished.

Notes
Turn   | Place    | Note
-------+----------+-------------------------------------------
     0 | D:1      | KennySheep the Deep Elf Wanderer began the quest for the
                  | Orb.
     0 | D:1      | KennySheep set off with the following items: a +0 sling, a
                  | wand of polymorph (18), a scroll of fog, a potion of might,
                  | a +0 robe.
     0 | D:1      | Reached XP level 1. HP: 10/10 MP: 5/5
   159 | D:1      | Slain by a hobgoblin

Illustrated notes

Levels and vault maps discovered:
D:1:      dpeg_arrival_boxorama, layout_loops_cross

Action                     || total
---------------------------++-------
   Fire: Sling             ||    14
 Armour: Robe              ||     4
  Dodge: Dodged            ||     4

Table legend: (Time is in decaauts)
 A = Elapsed time spent in this place.
 B = Non-inter-level travel time spent in this place.
 C = Inter-level travel time spent in this place.
 D = Time resting spent in this place.
 E = Time spent auto-exploring this place.
 F = Levels seen in this place.
 G = Mean time per level.
                   A        B        C        D        E       F      G
               +--------+--------+--------+--------+--------+-----+--------+
         Total |    162 |    162 |      0 |      0 |    136 |   1 |  162.0 |
       Dungeon |    162 |    162 |      0 |      0 |    136 |   1 |  162.0 |
               +--------+--------+--------+--------+--------+-----+--------+

Top non-repeatable levels by time:
     D:1: 162 daAuts
